 Dungeon Crawl Stone Soup version 0.28-a0-750-g7c675f85b1 (webtiles) character file.

Game seed: 8854434752135211084

3997 ytrimaz the Destroyer (level 10, -4/50 HPs)
             Began as an Octopode Conjurer on Oct 30, 2021.
             Was a Believer of Hepliaklqana.
             Slain by a killer bee (8 damage)
             ... on level 8 of the Dungeon.
             The game lasted 00:12:37 (10820 turns).

ytrimaz the Destroyer (Octopode Conjurer)          Turns: 10820, Time: 00:12:37

Health: -4/50      AC:  1    Str:  6    XL:     10   Next: 23%
Magic:  25/32      EV: 13    Int: 23    God:    Hepliaklqana [**....]
Gold:   555        SH:  0    Dex: 12    Spells: 23/27 levels left

rFire   . . .      SeeInvis +   a - +1 dagger
rCold   . . .      Faith    .   (no shield)
rNeg    . . .      Spirit   .   (helmet restricted)
rPois   .          Reflect  .   l - amulet of regeneration
rElec   .          Harm     .   j - ring of resist corrosion
rCorr   +          Rampage  .   q - ring of magical power
Will    .....                   s - ring of see invisible
Stlth   +++.......              (no ring)
HPRegen 1.16/turn               (no ring)
MPRegen 0.23/turn               (no ring)
                                (no ring)
                                (no ring)

@: lethally poisoned (-4 -> -7), about to teleport
A: reduced essence, almost no armour, amphibious, 8 rings, camouflage 1,
gelatinous body 1, (nimble swimmer 1), tentacles
a: Renounce Religion, Ancestor Life: Knight, Ancestor Life: Battlemage, Ancestor
Life: Hexer, Recall Ancestor, Ancestor Identity


You were on level 8 of the Dungeon.
You worshipped Hepliaklqana.
Hepliaklqana was pleased with you.
You visited 2 branches of the dungeon, and saw 10 of its levels.

You collected 555 gold pieces.

Inventory:

Hand Weapons
 a - a +1 dagger (weapon)
Jewellery
 f - an amulet of magic regeneration
 j - a ring of resist corrosion (left tentacle)
 l - an amulet of regeneration (around mantle)
 q - a ring of magical power (right tentacle)
 s - a ring of see invisible (on tentacle)
Wands
 p - a wand of polymorph (7)
 v - a wand of acid (11)
Scrolls
 c - a scroll of holy word
 o - 2 scrolls of fog
 t - 3 scrolls of fear
 u - a scroll of enchant weapon
Potions
 b - a potion of mutation
 d - 3 potions of brilliance
 e - a potion of curing {unknown}
 g - a potion of magic {unknown}
 h - a potion of ambrosia {unknown}
 i - a potion of flight {unknown}
 k - 3 potions of attraction
 m - 4 potions of lignification {unknown}
 n - 2 potions of heal wounds {unknown}


   Skills:
 - Level 2.0 Dodging
 - Level 2.6 Stealth
 + Level 9.1 Spellcasting
 + Level 10.1 Conjurations
 + Level 5.5 Earth Magic


You had 23 spell levels left.
You knew the following spells:

 Your Spells              Type           Power      Damage    Failure   Level
a - Magic Dart            Conj           100%       1d8       1%          1
b - Stone Arrow           Conj/Erth      92%        3d12      1%          3

Your spell library contained the following spells:

 Spells                   Type           Power      Damage    Failure   Level
 Searing Ray              Conj           100%       2d8       1%          2
 Dazzling Flash           Conj/Hex       66%        N/A       2%          3
 Mephitic Cloud           Conj/Pois/Air  26%        N/A       4%          3
 Sting                    Tmut/Pois      40%        1d5       6%          1
 Fulminant Prism          Conj/Hex       16%        3d11      8%          4
 Iskenderun's Mystic Bla  Conj/Tloc      33%        2d8       8%          4
 Blink                    Tloc           20%        N/A       10%         2
 Poisonous Vapours        Pois/Air       20%        N/A       10%         2
 Sublimation of Blood     Necr           5%         N/A       10%         2
 Wereblood                Tmut           10%        N/A       10%         2
 Ignite Poison            Fire/Tmut/Pois 10%        N/A       19%         3
 Inner Flame              Hex/Fire       10%        N/A       19%         3
 Tukima's Dance           Hex            10%        N/A       19%         3
 Freezing Cloud           Conj/Ice/Air   13%        6-21      41%         5
 Olgreb's Toxic Radiance  Pois           10%        N/A       52%         4
 Manifold Assault         Tloc           10%        N/A       86%         5
 Storm Form               Tmut/Air       5%         N/A       100%        7
 Summon Hydra             Summ           5%         N/A       100%        7


Dungeon Overview and Level Annotations

Branches:
Dungeon (9/15)             Temple (1/1) D:6
   Lair: D:8-11         Orc: D:9-12

Altars:
Ashenzari
Cheibriados
Dithmenos
Fedhas
Gozag
Hepliaklqana
Kikubaaqudgha
Makhleb
Nemelex Xobeh
Okawaru
Qazlal
Ru
Sif Muna
Trog
Uskayaw
Vehumet
Wu Jian
Xom
Yredelemnul
Lugonu

Shops:
D:4 [[?   D:5 *(

Annotations:
D:3 1 runed translucent door, Chaicat's ghost, amateur MiBe
D:4 exclusion: statue
D:7 2 runed translucent doors, exclusion: orange crystal statue


Innate Abilities, Weirdness & Mutations

Your life essence is reduced to manifest your ancestor. (-10% HP)
You cannot wear most types of armour.
You are amphibious.
You can wear up to eight rings at the same time.
Your skin changes colour to match your surroundings (Stealth+).
Your rubbery body absorbs attacks. (AC +1, EV +1)
((You are camouflaged near water. (Stealth+)))
You have tentacles for arms and can constrict up to eight enemies at once.


Message History

A killer bee comes into view. x2
The yak gores Laslo!
Laslo hits the yak.
Laslo avoids your attack.
The stone arrow hits the yak!!
You kill the yak!
The killer bee stings you.
The yak gores Laslo.
The stone arrow misses the killer bee.
The killer bee misses you.
A killer bee comes into view.
The killer bee closely misses you. The killer bee barely misses you.
The killer bee closely misses Laslo.
The killer bee stings Laslo.
The killer bee barely misses Laslo.
The killer bee stings you!
You are poisoned.
The killer bee poisons you!
Laslo barely misses the killer bee.
The yak gores you!
Unknown command.
You feel sick.
The killer bee stings Laslo.
The killer bee stings Laslo!
The killer bee misses you.
Laslo closely misses the killer bee.
You see here a yak corpse.
You feel sick. The killer bee closely misses you.
Laslo completely misses the killer bee.
There is a stone staircase leading up here.
You feel sick. The killer bee barely misses you. x2
The killer bee misses you. The killer bee barely misses you.
The killer bee closely misses you. The yak gores you.
The killer bee stings you.
* * * LOW HITPOINT WARNING * * *
You climb upwards.
You feel sick.
There is a stone staircase leading down here.
Okay, then.
As you read the scroll of teleportation, it crumbles to dust.
You feel strangely unstable.
You feel sick.
You are no longer poisoned.
The killer bee stings you!
* * * LOW HITPOINT WARNING * * *
You are poisoned.
The killer bee poisons you! The killer bee stings you.
* * * LOW HITPOINT WARNING * * *
The killer bee stings you.
* * * LOW HITPOINT WARNING * * *
The killer bee barely misses you. The killer bee stings you!
You die...

....#..### #.#...#.#
#.###### ....#..#
#.#...#.# #.# .......#
#.#...#.# #.######
.#.##..#####.#...#.#
#.......
.......##..........#
########
##.##.###.##.......# ###
......###.......##.# #..
#####...#..#.##y##.#######
#.# #..........y@Y.......#
#.# #...#......y##.#####.#
#.# ##.###.#.......#
##.######.. #.#
#......#### #......####
#.# ######.# #####..###.#
#.# #.# #PPPP..###.# ##.#
###.###P...P..##.# #[.#
#.....#P...P#.##.# #.##
#.....#P......##.#


You could see a yak and 3 killer bees.

Vanquished Creatures
  Psyche (D:8)
  A hornet (D:7)
  13 yaks
  Menkaure (D:4)
  A black bear (D:7)
  2 ogres
  A centaur (D:6)
  A bullfrog (D:7)
  Blork the orc (D:5)
  A scorpion (D:3)
  2 water moccasin zombies
  A wyvern skeleton (D:5)
  8 wights
  A bullfrog zombie (D:6)
  An orc priest (D:8)
  2 hounds
  A centaur skeleton (D:6)
  A gnoll shaman (D:8)
  2 bullfrog skeletons
  2 orc wizards
  A killer bee zombie (D:6)
  A hound skeleton (D:5)
  4 gnolls
  4 adders
  2 shadow imps
  A white imp (D:7)
  2 worms
  20 orcs
  4 bats
  8 endoplasms
  3 giant cockroaches
  8 hobgoblins
  8 kobolds
  7 quokkas
  8 ball pythons
  4 frilled lizards
  9 goblins
  7 rats
  A spectral kobold (D:3)
  A spectral orc (D:7)
147 creatures vanquished.

Vanquished Creatures (collateral kills)
  An ogre (D:6)
  A howler monkey zombie (D:7)
2 creatures vanquished.

Vanquished Creatures (others)
  3 ancestors
  2 toadstools (D:8)
5 creatures vanquished.

Grand Total: 154 creatures vanquished

Notes
Turn   | Place    | Note
-------+----------+-------------------------------------------
     0 | D:1      | ytrimaz the Octopode Conjurer began the quest for the Orb.
     0 | D:1      | Reached XP level 1. HP: 11/11 MP: 3/3
   169 | D:1      | Reached XP level 2. HP: 17/17 MP: 0/5
   234 | D:1      | Got the Handbook of Articulation
   573 | D:1      | Reached XP level 3. HP: 21/21 MP: 3/6
   577 | D:1      | Learned a level 3 spell: Stone Arrow
  1199 | D:2      | Reached skill level 5 in Conjurations
  1718 | D:2      | Reached XP level 4. HP: 27/27 MP: 3/7
  2340 | D:3      | Noticed Chaicat's ghost (amateur MiBe)
  2765 | D:3      | Noticed a black bear
  2926 | D:3      | Learned a level 2 spell: Searing Ray
  3252 | D:3      | Found a runed translucent door.
  3271 | D:3      | Noticed a scorpion
  3278 | D:3      | Killed a scorpion
  3279 | D:3      | Reached XP level 5. HP: 26/31 MP: 3/10
  3456 | D:3      | Found a faded altar of an unknown god.
  3481 | D:3      | Found a hazy altar of Hepliaklqana.
  3638 | D:3      | Became a worshipper of Hepliaklqana the Forgotten
  3837 | D:4      | Found Xoasoh's Antique Armour Shoppe.
  3842 | D:4      | Found Vuureba's Magic Scroll Shop.
  3845 | D:4      | Found Yrieruh's Armour Shoppe.
  3888 | D:4      | Noticed an ogre
  3912 | D:4      | Killed an ogre
  3913 | D:4      | Reached skill level 6 in Conjurations
  3913 | D:4      | Reached XP level 6. HP: 27/36 MP: 1/11
  4350 | D:4      | Noticed Menkaure
  4356 | D:4      | Killed Menkaure
  4668 | D:4      | Noticed a yak
  4670 | D:4      | Noticed a yak
  4671 | D:4      | Noticed a yak
  4673 | D:4      | Noticed a yak
  4803 | D:4      | Killed a yak
  4804 | D:4      | Reached XP level 7. HP: 41/41 MP: 5/14
  4920 | D:4      | Killed a yak
  4921 | D:4      | Reached skill level 5 in Spellcasting
  4921 | D:4      | Reached skill level 7 in Conjurations
  5035 | D:4      | Killed a yak
  5057 | D:4      | Killed a yak
  5058 | D:4      | Reached XP level 8. HP: 29/46 MP: 0/17
  5218 | D:4      | Found a radiant altar of Vehumet.
  5371 | D:5      | Entered Level 5 of the Dungeon
  5916 | D:5      | Found Huugaov's Lightly-Used Armoury.
  6043 | D:5      | Found Vanih's Weapon Emporium.
  6051 | D:5      | Reached skill level 1 in Earth Magic
  6103 | D:5      | Noticed Blork the orc
  6110 | D:5      | Killed Blork the orc
  6474 | D:5      | Reached * piety under Hepliaklqana
  6775 | D:6      | Found a blossoming altar of Fedhas.
  6781 | D:6      | Reached skill level 8 in Conjurations
  7080 | D:6      | Found a staircase to the Ecumenical Temple.
  7107 | Temple   | Entered the Ecumenical Temple
  7597 | D:6      | Found a shimmering blue altar of Sif Muna.
  7950 | D:7      | Found the +10 tower shield of Ignorance {rN+ Int-4}
  7956 | D:7      | Found a runed translucent door.
  7967 | D:7      | Noticed a +0 spear
  7967 | D:7      | Noticed a +0 spear
  7967 | D:7      | Noticed a +0 falchion
  7967 | D:7      | Noticed a +0 dagger
  7971 | D:7      | Noticed a +0 falchion
  7980 | D:7      | Found a runed translucent door.
  7987 | D:7      | Noticed an orange crystal statue
  8013 | D:7      | Noticed a +0 dagger
  8013 | D:7      | Noticed a +0 short sword
  8014 | D:7      | Noticed a +0 short sword
  8017 | D:7      | Reached XP level 9. HP: 39/45 MP: 20/20
  8077 | D:7      | Found a hide-covered altar of Uskayaw.
  8090 | D:7      | Found a sacrificial altar of Ru.
  8099 | D:7      | Noticed a hornet
  8104 | D:7      | Killed a hornet
  8436 | D:7      | Found an opulent altar of Gozag.
  8447 | D:7      | Found a stormy altar of Qazlal.
  8490 | D:7      | Reached skill level 9 in Conjurations
  8538 | D:7      | Reached ** piety under Hepliaklqana
  8630 | D:7      | Found a basalt altar of Yredelemnul.
  8822 | D:7      | Found a sparkling altar of Nemelex Xobeh.
  9540 | D:8      | Noticed Psyche
  9545 | D:8      | Killed Psyche
  9988 | D:8      | Reached XP level 10. HP: 50/50 MP: 1/22
 10278 | D:8      | Reached skill level 5 in Earth Magic
 10509 | D:8      | Found an ornate altar of the Wu Jian Council.
 10645 | D:9      | Reached skill level 10 in Conjurations
 10820 | D:8      | Slain by a killer bee

Illustrated notes

Levels and vault maps discovered:
D:1:      heliophobic_arrival_ceremonial_halls, layout_basic
D:2:      layout_loops_ring, minmay_pentomino_p4
D:3:      minmay_skewed_foursquare, layout_loops_ring,
          nicolae_hepliaklqana_monster_ancestors,
          hellmonk_ghost_happy_afterlife, ebering_ecumenical_altar_petrified
D:4:      layout_cave_pools, vehumet_statue, nicolae_wooded_promenade,
          uniq_menkaure
D:5:      layout_cave_pods, serial_shops, shop, minmay_shop_damaged,
          grunt_ministairs_13, uniq_blork_the_orc
D:6:      layout_rooms, lemuel_doored_altar, fedhas_altar_1
D:7:      layout_layer_cave, yredelemnul_forgotten_temple_becter,
          mainiacjoe_overflow_small_starburst, nicolae_uskayaw_en_pointe,
          mainiacjoe_overflow_alcove_2, mainiacjoe_overflow_catwalk_spiral,
          chequers_serial_rivers_micro_b, chequers_guarded_unrand_ignorance
D:8:      layout_loops_cross, nzn_wu_jian_council_hall,
          minmay_gold_behind_fungi, uniq_psyche
D:9:      layout_basic, good_gods_mini_temple, nrook_uturn, minmay_radiant
Temple:   corrupted_temple

Skill      XL: |  1  2  3  4  5  6  7  8  9 10 |
---------------+-------------------------------+-----
Conjurations   | 5 6 7 8 9 10 | 10.1
Spellcasting   | 3 4 6 7 8 9 |  9.1
Earth Magic    | 2 4 5 |  5.5
Dodging        | |  2.0
Stealth        | |  2.6

Action                   |  1- 3 |  4- 6 |  7- 9 | 10-12 || total
-------------------------+-------+-------+-------+-------++-------
Melee: Dagger            |       |     6 |     4 |       ||    10
       Constrict         |       |     1 |       |       ||     1
 Cast: Magic Dart        |    63 |   100 |    34 |     4 ||   201
       Stone Arrow       |     1 |     2 |   102 |    17 ||   122
       Searing Ray       |       |     4 |     4 |       ||     8
  Use: Scroll            |     4 |     2 |     7 |     2 ||    15
Armor: Skin              |       |     2 |     1 |     1 ||     4
Dodge: Dodged            |     3 |     8 |    14 |    11 ||    36

Table legend: (Time is in decaauts)
 A = Elapsed time spent in this place.
 B = Non-inter-level travel time spent in this place.
 C = Inter-level travel time spent in this place.
 D = Time resting spent in this place.
 E = Time spent auto-exploring this place.
 F = Levels seen in this place.
 G = Mean time per level.
                   A        B        C        D        E       F      G
               +--------+--------+--------+--------+--------+-----+--------+
         Total |  10818 |  10520 |    298 |   1954 |   7147 |  10 | 1081.8 |
       Dungeon |  10775 |  10489 |    286 |   1954 |   7123 |   9 | 1197.2 |
        Temple |     42 |     30 |     12 |      0 |     24 |   1 |   42.0 |
               +--------+--------+--------+--------+--------+-----+--------+

Top non-repeatable levels by time:
     D:7: 1816 daAuts
     D:4: 1537 daAuts
     D:3: 1501 daAuts
     D:5: 1402 daAuts
     D:8: 1238 daAuts
     D:1: 1191 daAuts
     D:2: 1138 daAuts
     D:6: 919 daAuts
  Temple: 42 daAuts
     D:9: 29 daAuts
